 Dungeon Crawl Stone Soup version 0.29.1-1-gd02db6906a (webtiles) character file.

Game seed: 10361864346145362446

226 Araneus the Cutter (level 5, -2/30 HPs)
             Began as a Vampire Brigand on Sept 30, 2022.
             Slain by an orc
             ... wielding a +0 club
              (3 damage)
             ... on level 3 of the Dungeon.
             The game lasted 00:06:33 (1872 turns).

Araneus the Cutter (Vampire Brigand)                Turns: 1872, Time: 00:06:33

Health: -2/30      AC:  5    Str: 10    XL:     5   Next: 69%
Magic:  5/5        EV: 12    Int: 13    God:
Gold:   127        SH:  0    Dex: 18    Spells: 4/4 levels left

rFire   . . .      SeeInvis +   a - +2 dagger
rCold   + + .      Faith    .   (no shield)
rNeg    + + +      Spirit   .   b - +0 robe
rPois   ∞          Reflect  .   (no helmet)
rElec   .          Harm     .   c - +0 cloak
rCorr   .          Rampage  .   n - +0 pair of gloves
Will    .....                   f - +0 pair of boots
Stlth   +++++.....              (no amulet)
HPRegen 0.00/turn               (no ring)
MPRegen 0.09/turn               (no ring)

@: bloodless, inhibited regen
A: bloodless, fangs 3, see invisible, vampiric 2
a: Bat Form, Revivify


You were on level 3 of the Dungeon.
You visited 1 branch of the dungeon, and saw 3 of its levels.

You collected 127 gold pieces.

Inventory:

Hand Weapons
 a - a +2 dagger (weapon)
Missiles
 d - 16 poisoned darts (quivered)
 e - 3 curare-tipped darts
 q - 5 atropa-tipped darts
Armour
 b - a +0 robe (worn)
 c - a +0 cloak (worn)
 f - a +0 pair of boots (worn)
 n - a +0 pair of gloves (worn)
Scrolls
 g - 2 scrolls of poison {unknown}
 j - a scroll of summoning {unknown}
 l - a scroll of immolation {unknown}
 o - a scroll of vulnerability {unknown}
 p - a scroll of identify {unknown}
 r - a scroll of teleportation {unknown}
Potions
 h - a potion of lignification {unknown}
 i - 2 potions of haste {unknown}
 k - a potion of degeneration {unknown}
 m - 2 potions of curing {unknown}


   Skills:
 - Level 1.7 Fighting
 + Level 6.6 Short Blades
 - Level 1.5 Throwing
 - Level 1.1 Dodging
 - Level 5.8 Stealth


You had 4 spell levels left.
You didn't know any spells.
Your spell library contained the following spells:

 Spells                   Type           Power      Damage    Failure   Level
 Ozocubu's Armour         Ice            0%         N/A       67%         3
 Leda's Liquefaction      Hex/Erth       0%         N/A       97%         4
 Lee's Rapid Deconstruct  Erth           0%         3d5*      100%        5
 Statue Form              Tmut/Erth      0%         N/A       100%        6
 Ozocubu's Refrigeration  Ice            0%         4d7       100%        7


Dungeon Overview and Level Annotations

Branches:
Dungeon (3/15)

Altars:

Shops:
D:1 [


Innate Abilities, Weirdness & Mutations

You do not regenerate when monsters are visible.
You are frail without blood (-20% HP).
You can heal yourself when you bite living creatures.
You are immune to poison.
You have razor-sharp teeth.
You have supernaturally acute eyesight. (SInv)
You are afflicted with vampirism and can become a bat while bloodless.


Message History

* * * LOW HITPOINT WARNING * * *
There is a stone staircase leading down here.
You hit the orc but do no damage. You barely miss the orc.
You bite the orc, but do no damage. You hit the orc but do no damage.
The orc hits you but does no damage.
You hit the orc.
The orc is lightly wounded.
The orc hits you but does no damage. The orc barely misses you.
You hit the orc but do no damage.
The orc is lightly wounded.
You closely miss the orc.
The orc is lightly wounded.
The orc closely misses you.
You hit the orc.
The orc is moderately wounded.
The orc hits you with a +0 club.
* * * LOW HITPOINT WARNING * * *
The orc hits you but does no damage. The orc barely misses you.
The orc attacks as you move away! The orc hits you with a +0 dagger.
* * * LOW HITPOINT WARNING * * *
The orc misses you. The orc hits you but does no damage.
The orc attacks as you move away! The orc barely misses you.
You closely miss the orc.
The orc is lightly wounded.
The orc misses you.
You completely miss the orc. You punch the orc, but do no damage.
You bite the orc, but do no damage.
The orc is lightly wounded.
You hit the orc.
The orc is moderately wounded.
The orc closely misses you.
You hit the orc but do no damage.
The orc is moderately wounded.
The orc closely misses you.
You hit the orc but do no damage. Your bite misses the orc.
The orc is moderately wounded.
You closely miss the orc.
The orc is moderately wounded.
The orc hits you with a +0 club.
You die...

###+## #####.(..#
...#....#
######.#....####
#.....).>.o....#
#.######.#o###.# #.#@#
#.# #.#.# #.# #.#.#
#(# ..#.# #.# #..
..#.# #.####### #..
..#.###........ #.#
#..........## #.#
#............
#.##.#####..........##


You could see 2 orcs.

Vanquished Creatures
  Sigmund (D:2)
  2 adders (D:2)
  A worm (D:1)
  2 orcs (D:3)
  4 endoplasms
  A giant cockroach (D:1)
  3 goblins
  4 hobgoblins
  4 jackals (D:1)
  6 kobolds
  A quokka (D:2)
  A ball python (D:2)
  3 bats
  6 frilled lizards
  9 rats
48 creatures vanquished.

Notes
Turn   | Place    | Note
-------+----------+-------------------------------------------
     0 | D:1      | Araneus the Vampire Brigand began the quest for the Orb.
     0 | D:1      | Reached XP level 1. HP: 16/16 MP: 1/1
    53 | D:1      | Found Sumucune's Armour Emporium.
    86 | D:1      | Found a faded altar of an unknown god.
   348 | D:1      | Reached skill level 3 in Short Blades
   385 | D:1      | Reached XP level 2. HP: 22/22 MP: 2/2
   844 | D:1      | Gained mutation: You are afflicted with vampirism and can
                  | become a bat while bloodless. [Vampire growth]
   844 | D:1      | Reached XP level 3. HP: 19/21 MP: 3/3
   855 | D:1      | Reached skill level 4 in Short Blades
  1265 | D:2      | Noticed Sigmund
  1345 | D:2      | Killed Sigmund
  1346 | D:2      | Reached skill level 6 in Short Blades
  1346 | D:2      | Reached XP level 4. HP: 26/26 MP: 4/4
  1346 | D:2      | Reached XP level 5. HP: 30/30 MP: 5/5
  1864 | D:3      | HP: 1/30 [orc/+0 dagger (4)]
  1872 | D:3      | Slain by an orc

Illustrated notes

Levels and vault maps discovered:
D:1:      pf_arrival_petrified_forest, layout_basic,
          shapermc_ecumenical_altar_starsandcircs, serial_shops, shop
D:2:      layout_rooms, uniq_sigmund
D:3:      layout_basic

Skill      XL: |  1  2  3 |
---------------+----------+-----
Short Blades   | 3 6 |  6.6
Fighting       | |  1.7
Throwing       | |  1.5
Dodging        | |  1.1
Stealth        | |  5.8

Action                   |  1- 3 |  4- 6 || total
-------------------------+-------+-------++-------
Melee: Dagger            |   105 |    61 ||   166
       Bite              |     8 |     7 ||    15
       Punch             |       |     1 ||     1
 Abil: Exsanguinate      |     1 |       ||     1
 Stab: Sleeping          |    10 |     3 ||    13
Armor: Robe              |    29 |    13 ||    42
Dodge: Dodged            |    70 |    26 ||    96
